 Dungeon Crawl Stone Soup version 0.28-a0-768-g8c92f1e708 (webtiles) character file.

Game seed: 2058714458752936457

23 BinkBink the Poker (level 2, -6/23 HPs)
             Began as a Merfolk Gladiator on Oct 31, 2021.
             Mangled by Terence (8 damage)
             ... on level 1 of the Dungeon.
             The game lasted 00:01:55 (960 turns).

BinkBink the Poker (Merfolk Gladiator)               Turns: 960, Time: 00:01:56

Health: -6/23      AC:  4    Str: 14    XL:     2   Next: 95%
Magic:  2/2        EV: 13    Int:  7    God:
Gold:   58         SH:  0    Dex: 15    Spells: 1/1 levels left

rFire   . . .      SeeInvis .   a - +0 trident
rCold   . . .      Faith    +   (no shield)
rNeg    . . .      Spirit   .   b - +0 leather armour
rPois   .          Reflect  .   c - +0 helmet
rElec   .          Harm     .   (no cloak)
rCorr   .          Rampage  .   (no gloves)
Will    .....                   (no boots)
Stlth   +.........              e - amulet of faith
HPRegen 0.07/turn               (no ring)
MPRegen 0.08/turn               (no ring)

@: no status effects
A: (nimble swimmer 2), mertail
a: no special abilities


You were on level 1 of the Dungeon.
You visited 1 branch of the dungeon, and saw 2 of its levels.

You collected 58 gold pieces.

Inventory:

Hand Weapons
 a - a +0 trident (weapon)
Missiles
 d - 3 throwing nets (quivered)
Armour
 b - a +0 leather armour (worn)
 c - a +0 helmet (worn)
Jewellery
 e - an amulet of faith (around neck)
Scrolls
 f - a scroll of identify {unknown}


   Skills:
 + Level 2.5 Fighting
 + Level 5.2 Polearms
 - Level 2.0 Throwing
 + Level 4.4 Dodging


You had one spell level left.
You didn't know any spells.
Your spell library was empty.

Dungeon Overview and Level Annotations

Branches:
Dungeon (2/15)

Altars:

Annotations:
D:1 Terence


Innate Abilities, Weirdness & Mutations

((You are quick and stealthy near water. (Stealth+, EV+, Speed+++)))
Your lower body shifts to a powerful aquatic tail in water.


Message History

Terence shouts, "Get ready for death!"
Terence hits you with a +0 short sword.
You hit Terence.
Terence is lightly wounded.
Terence hits you with a +0 short sword.
You hit Terence.
Terence is moderately wounded.
Terence hits you with a +0 short sword.
You barely miss Terence.
Terence is moderately wounded.
Terence looks scornfully at you. Terence closely misses you.
You hit Terence but do no damage.
Terence is moderately wounded.
Terence completely misses you.
You closely miss Terence.
Terence is moderately wounded.
Terence barely misses you.
You hit Terence but do no damage.
Terence is moderately wounded.
Terence hits you with a +0 short sword.
You hit Terence but do no damage.
Terence is moderately wounded.
Terence barely misses you.
You barely miss Terence.
Terence is moderately wounded.
Terence hits you with a +0 short sword.
* * * LOW HITPOINT WARNING * * *
A kobold comes into view. It is wielding a +0 club.
The kobold shouts!
You hear a shout!
A worm comes into view.
Terence says, "You're history."
There is a stone staircase leading up here.
Terence hits you with a +0 short sword.
* * * LOW HITPOINT WARNING * * *
You climb upwards.
There is a stone staircase leading down here.
It was a potion of magic.
Magic courses through your body. Terence hits you with a +0 short sword!
You die...

รท..# #.# #.# #.....# ####
#.# #.########
###'#.###### #
###'###........#
#.#..)....
####......#######.#
#.#######. ...'......##
#.# #.# #. ####.....(.#
#.# #.# #. # #.......##
#.# #.# #.
####........#####.# #.# #.
................@@# #.# #.
....(.............######.#
##
############.............#
#.....#########
#..........# #.....)....#
#>#...###..# #.#........#
#.#...###.############


You could see Terence.

Vanquished Creatures
  A ball python (D:1)
  An endoplasm (D:1)
  5 goblins
  3 hobgoblins
  3 kobolds
  2 quokkas
  3 bats
  A frilled lizard (D:1)
19 creatures vanquished.

Notes
Turn   | Place    | Note
-------+----------+-------------------------------------------
     0 | D:1      | BinkBink the Merfolk Gladiator began the quest for the Orb.
     0 | D:1      | Reached XP level 1. HP: 16/16 MP: 1/1
    24 | D:1      | Found a faded altar of an unknown god.
   244 | D:1      | Reached XP level 2. HP: 23/23 MP: 2/2
   911 | D:2      | Noticed Terence
   920 | D:2      | Reached skill level 5 in Polearms
   960 | D:1      | Mangled by Terence

Illustrated notes

Levels and vault maps discovered:
D:1:      lightli_arrival_noodles, layout_basic,
          chequers_ecumenical_altar_island
D:2:      layout_rooms, glass_columns_a, uniq_terence

Skill      XL: |  1  2 |
---------------+-------+-----
Polearms       | 5 |  5.2
Fighting       | |  2.5
Throwing       | |  2.0
Dodging        | |  4.4

Action                   || total
-------------------------++-------
Melee: Trident           ||    67
  Use: Potion            ||     1
 Stab: Sleeping          ||     2
Armor: Leather armour    ||    11
Dodge: Dodged            ||    32

Table legend: (Time is in decaauts)
 A = Elapsed time spent in this place.
 B = Non-inter-level travel time spent in this place.
 C = Inter-level travel time spent in this place.
 D = Time resting spent in this place.
 E = Time spent auto-exploring this place.
 F = Levels seen in this place.
 G = Mean time per level.
                   A        B        C        D        E       F      G
               +--------+--------+--------+--------+--------+-----+--------+
         Total |    954 |    943 |     11 |      0 |    797 |   2 |  477.0 |
       Dungeon |    954 |    943 |     11 |      0 |    797 |   2 |  477.0 |
               +--------+--------+--------+--------+--------+-----+--------+

Top non-repeatable levels by time:
     D:1: 898 daAuts
     D:2: 56 daAuts
